 Dungeon Crawl Stone Soup version 0.17-a0-1830-g81820eb (webtiles) character file.

10427 Medar the Martial Artist (level 11, -4/75 HPs)
             Began as an Octopode Transmuter on Sept 13, 2015.
             Was an Initiate of Vehumet.
             Killed from afar by Psyche (8 damage)
             ... with a puff of flame
             ... on level 10 of the Dungeon.
             The game lasted 00:39:55 (12984 turns).

Medar the Martial Artist (Octopode Transmuter)     Turns: 12984, Time: 00:39:55

Health: -4/75      AC:  3    Str: 14    XL:     11   Next: 61%
Magic:  18/26      EV: 22    Int: 19    God:    Vehumet [......]
Gold:   590        SH:  0    Dex: 18    Spells: 5 memorised, 3 levels left

rFire  . . .     SeeInvis .       - Unarmed
rCold  . . .     Clarity  +     (shield currently unavailable)
rNeg   . . .     SustAt   .     m - +2 hat {MR+}
rPois  .         Gourm    .     l - amulet of clarity
rElec  .         Spirit   .     f - +3 ring of slaying
rCorr  .         Warding  .     t - ring of magical power
rMut   .         Stasis   .     (no ring)
MR     +....                    (no ring)
Stlth  ++++++....               (no ring)
                                (no ring)
                                (no ring)
                                (no ring)

@: mighty, agile, blade tentacles, very slightly contaminated, hasted, very
quick, somewhat resistant to hostile enchantments, very stealthy
A: almost no armour, amphibious, 8 rings, constrict 8, camouflage 1, gelatinous
body 1
a: End Transformation, Renounce Religion


You were on level 10 of the Dungeon.
You worshipped Vehumet.
Vehumet was noncommittal.
You were near starving.
You had blades for tentacles.
You visited 2 branches of the dungeon, and saw 11 of its levels.

You collected 590 gold pieces.

Inventory:

Hand weapons
 G - the +5 long sword of a bailey {flame, *Rage MR+ Str+3}
   (You found it on level 8 of the Dungeon)

   It has been specially enchanted to burn those struck by it, causing extra
   injury to most foes and up to half again as much damage against particularly
   susceptible opponents.
   Big, fiery blades are also staple armaments of hydra-hunters.
   It affects your strength (+3).
   It affects your resistance to hostile enchantments.
   It may make you go berserk in combat.
 K - the +9 rapier "Plog" {freeze, Int+4}
   (You found it on level 8 of the Dungeon)

   It has been specially enchanted to freeze those struck by it, causing extra
   injury to most foes and up to half again as much damage against particularly
   susceptible opponents.
   It can also slow down cold-blooded creatures.
   It affects your intelligence (+4).
 N - a +0 blowgun
Missiles
 a - 76 arrows
 u - 4 tomahawks (quivered)
 y - 30 poisoned needles
 L - 4 javelins
Armour
 m - a +2 hat of magic resistance (worn)
Magical staves
 A - an uncursed staff of earth
Jewellery
 f - a +3 ring of slaying (left scythe-like blade)
 l - an amulet of clarity (around mantle)
 p - an uncursed amulet of rage
 t - a ring of magical power (right scythe-like blade)
 x - an uncursed ring of ice
 C - an uncursed ring of ice
Magical devices
 w - a wand of enslavement (7)
 F - a wand of disintegration (7)
 O - a wand of flame (34)
Scrolls
 g - a scroll of vulnerability
 k - 3 scrolls of remove curse {@r1}
 r - a scroll of enchant armour
 s - a scroll of teleportation
 v - a scroll of amnesia {unknown}
 B - a scroll of torment {unknown}
 E - a scroll of enchant weapon {unknown}
 R - a scroll of fog {unknown}
Potions
 j - 2 potions of brilliance
 n - a potion of flight
 o - a potion of curing {@q1}
 q - a potion of cure mutation {!q}
 D - a potion of poison
 I - a potion of haste
Books
 b - a book of Changes

   Spells                             Type                      Level
   a - Beastly Appendage              Transmutation                1
   b - Sticks to Snakes               Transmutation                2
   c - Spider Form                    Transmutation/Poison         3
   d - Ice Form                       Ice/Transmutation            4
   e - Blade Hands                    Transmutation                5
 z - a book of Changes

   Spells                             Type                      Level
   a - Beastly Appendage              Transmutation                1
   b - Sticks to Snakes               Transmutation                2
   c - Spider Form                    Transmutation/Poison         3
   d - Ice Form                       Ice/Transmutation            4
   e - Blade Hands                    Transmutation                5
 J - the Compendium of the Enchanting Rocks
   (You found it on level 8 of the Dungeon)

   Spells                             Type                      Level
   a - Sandblast                      Earth                        1
   b - Corona                         Hexes                        1
   c - Passwall                       Transmutation/Earth          3
   d - Invisibility                   Hexes                        6
   e - Shatter                        Earth                        9
 M - a book of Hinderance

   Spells                             Type                      Level
   a - Confusing Touch                Hexes                        2
   b - Confuse                        Hexes                        3
   c - Gell's Gravitas                Hexes/Translocation          3
   d - Petrify                        Transmutation/Earth          4
   e - Metabolic Englaciation         Hexes/Ice                    5
 Q - an Akashic Record

   Spells                             Type                      Level
   a - Dispersal                      Translocation                6
   b - Controlled Blink               Translocation                7
   c - Malign Gateway                 Summoning/Translocation      7
   d - Disjunction                    Translocation                8
Comestibles
 c - 4 bread rations {@e1}
 d - 6 fruits
 h - 4 meat rations {@e2}
 H - 6 royal jellies
 S - 5 chunks of flesh


   Skills:
 + Level 7.0 Fighting
 + Level 6.6 Dodging
 + Level 6.6 Stealth
 + Level 11.4 Unarmed Combat
 - Level 4.0 Spellcasting
 - Level 8.1 Transmutations
 - Level 3.2 Ice Magic
 - Level 1.4 Poison Magic


You had 3 spell levels left.
You knew the following spells:

 Your Spells              Type           Power        Failure   Level  Hunger
d - Sticks to Snakes      Trmt           ####......   14%         2    ##.....
f - Spider Form           Trmt/Pois      ###.......   41%         3    ###....
g - Ice Form              Ice/Trmt       ####....     54%         4    ####...
h - Blade Hands           Trmt           ####......   54%         5    ######.
s - Beastly Appendage     Trmt           ####..       12%         1    None


Dungeon Overview and Level Annotations

Branches:
Dungeon (10/15)            Temple (1/1) D:7            Lair (0/8) D:10
    Orc: D:9-12

Altars:
Ashenzari
Cheibriados
Dithmenos
Elyvilon
Fedhas
Gozag
Kikubaaqudgha
Makhleb
Nemelex Xobeh
Qazlal
Ru
Sif Muna
Trog
Vehumet
Xom
Yredelemnul
Zin
The Shining One

Annotations:
D:6 exclusion: 2 wights, Dowan, Duvessa
D:7 WhatIsLove's ghost, experienced TrNe
D:8 hydra
D:10 Psyche


Innate Abilities, Weirdness & Mutations

You cannot wear most types of armour.
You are amphibious.
You can wear up to eight rings at the same time.
You can use your tentacles to constrict eight enemies at once.
Your skin changes colour to match your surroundings (Stealth).
Your rubbery body absorbs attacks (AC +1).


Message History

Gastronok is heavily wounded.
You hear a shout!
The crimson imp completely misses you.
You slice Gastronok!! You slash Gastronok!!
Gastronok is almost dead.
Gastronok bites you!!!
Ouch! That really hurt!
* * * LOW HITPOINT WARNING * * *
You slice Gastronok!! You squeeze Gastronok.
Gastronok is almost dead.
The crimson imp blinks!
Psyche the Insane Magess comes into view.
She is wielding a dagger of distortion.
You slash Gastronok!
You kill Gastronok!
Vehumet accepts your kill.
Your Fighting skill increases to level 7!
Your Stealth skill increases to level 6!
Psyche casts a spell at you. The puff of flame hits you!
You die...

.#.....##...Kh... ......# .
..........=.#..#.###..@.#
... ....#####...
#Ko......## #.. #...#
#.........##... #.. #...#
##.K.._........ ### ##..#
##......#..... # #.##
##........... #..##
##[...........
#...##########§@......#####
.
##.÷........)))............
..
.....#########.)........###
#.. ....## #..>.......#
.#### ##....5...## .#
##......## .# ######## .#
.#


You could see Psyche and a crimson imp.

Vanquished Creatures
  Gastronok (D:10)
  Maud (D:10)
  Harold (D:10)
  Nergalle (D:10)
  The ghost of dadoka the Martial Artist, an experienced OpTm (D:5)
  A komodo dragon (D:10)
  A queen bee (D:8)
  2 two-headed ogres
  2 deep elf magi (D:9)
  2 hippogriffs
  A water moccasin (D:9)
  Edmund (D:5)
  4 ice beasts
  2 sky beasts
  3 phantoms
  3 ogres
  A wasp (D:9)
  A centaur (D:3)
  A necrophage (D:8)
  An orc warrior (D:7)
  A giant frog (D:8)
  2 big kobolds
  A wyvern skeleton (D:9)
  5 scorpions
  A wight (D:6)
  25 killer bees
  A centaur zombie (D:9)
  A jelly (D:5)
  4 hounds
  2 orc priests
  3 crimson imps
  3 giant frog skeletons
  5 iguanas
  A quasit (D:9)
  A gnoll shaman (D:8)
  7 orc wizards
  7 worker ants
  2 killer bee zombies
  A hound zombie (D:6)
  6 gnolls
  3 shadow imps
  12 adders
  An ooze (D:2)
  6 worms
  An adder zombie (D:9)
  3 giant geckos
  28 orcs
  3 ball pythons
  9 giant cockroaches
  12 hobgoblins
  18 kobolds
  4 quokkas
  3 bats
  A giant gecko skeleton (D:7)
  5 giant newts
  2 goblins
  15 jackals
  A quokka zombie (D:6)
  12 rats
249 creatures vanquished.

Vanquished Creatures (collateral kills)
  Terence (D:3)
  2 gnolls (D:2)
  An orc (D:3)
  A rat (D:3)
5 creatures vanquished.

Vanquished Creatures (others)
  An ogre (D:4)
  A jackal (D:10)
  A plant (D:10)
3 creatures vanquished.

Grand Total: 257 creatures vanquished

Notes
Turn   | Place    | Note
--------------------------------------------------------------
     0 | D:1      | Medar the Octopode Transmuter began the quest for the Orb.
     0 | D:1      | Reached XP level 1. HP: 13/13 MP: 3/3
   367 | D:1      | Reached XP level 2. HP: 18/18 MP: 5/5
   375 | D:1      | Learned a level 2 spell: Sticks to Snakes
   622 | D:1      | Reached skill level 4 in Unarmed Combat
   806 | D:1      | Reached XP level 3. HP: 17/23 MP: 3/6
  1857 | D:2      | Reached XP level 4. HP: 18/28 MP: 5/7
  1865 | D:2      | Learned a level 3 spell: Spider Form
  2059 | D:2      | Found a snail-covered altar of Cheibriados.
  2223 | D:2      | Reached skill level 1 in Poison Magic
  2483 | D:3      | Noticed a centaur
  2707 | D:3      | Killed a centaur
  2707 | D:3      | Reached XP level 5. HP: 5/33 MP: 0/8
  2710 | D:3      | Noticed Terence
  2725 | D:3      | Killed Terence
  3459 | D:3      | Reached skill level 1 in Stealth
  3568 | D:4      | Reached XP level 6. HP: 16/38 MP: 9/9
  4037 | D:4      | Found an ancient bone altar of Kikubaaqudgha.
  4558 | D:4      | Learned a level 4 spell: Ice Form
  4657 | D:4      | Reached XP level 7. HP: 28/43 MP: 11/11
  4673 | D:4      | Reached skill level 1 in Ice Magic
  4677 | D:4      | Reached skill level 5 in Transmutations
  5235 | D:5      | Entered Level 5 of the Dungeon
  5242 | D:5      | Noticed dadoka's ghost (experienced OpTm)
  5480 | D:5      | Noticed Edmund
  5493 | D:5      | Killed Edmund
  5962 | D:5      | Reached skill level 6 in Transmutations
  5962 | D:5      | Reached XP level 8. HP: 48/48 MP: 12/12
  6147 | D:5      | Reached skill level 5 in Unarmed Combat
  6256 | D:5      | Killed dadoka's ghost
  7357 | D:6      | Found a glowing silver altar of Zin.
  7384 | D:6      | Noticed Duvessa
  7384 | D:6      | Noticed Dowan
  7617 | D:6      | Found a shadowy altar of Dithmenos.
  8080 | D:7      | Noticed WhatIsLove's ghost (experienced TrNe)
  8195 | D:7      | Reached XP level 9. HP: 56/56 MP: 13/13
  8321 | D:7      | Found a staircase to the Ecumenical Temple.
  8327 | Temple   | Entered the Ecumenical Temple
  8412 | D:7      | Learned a level 5 spell: Blade Hands
  8488 | D:7      | Reached skill level 7 in Transmutations
  9000 | D:8      | Noticed a moth of wrath
  9003 | D:8      | Found a bloodstained altar of Trog.
  9109 | D:8      | Got a jewelled long sword
  9110 | D:8      | Identified the +5 long sword of a bailey {flame, *Rage MR+ Str+3} (You found it on level 8 of the Dungeon)
  9153 | D:8      | Found a deep blue altar of Sif Muna.
  9240 | D:8      | Reached skill level 8 in Transmutations
  9357 | D:8      | Identified the Compendium of the Enchanting Rocks
 10050 | D:8      | Reached XP level 10. HP: 48/63 MP: 16/16
 10062 | D:8      | Reached skill level 5 in Dodging
 10470 | D:8      | Reached skill level 9 in Unarmed Combat
 10568 | D:8      | Noticed a five-headed hydra
 10568 | D:8      | Noticed a hill giant
 10622 | D:8      | Got a steaming rapier
 10624 | D:8      | Identified the +9 rapier "Plog" {freeze, Int+4} (You found it on level 8 of the Dungeon)
 11663 | D:9      | Reached skill level 10 in Unarmed Combat
 11761 | D:9      | Found a radiant altar of Vehumet.
 11779 | D:9      | Reached skill level 5 in Fighting
 11790 | D:9      | Became a worshipper of Vehumet
 11795 | D:9      | Identified a scroll of acquirement
 12342 | D:10     | Entered Level 10 of the Dungeon
 12538 | D:10     | Noticed Harold
 12699 | D:10     | Noticed Nergalle
 12710 | D:10     | Noticed Maud
 12746 | D:10     | Found a staircase to the Lair.
 12902 | D:10     | Found a sacrificial altar of Ru.
 12951 | D:10     | Killed Nergalle
 12951 | D:10     | Reached XP level 11. HP: 46/72 MP: 17/17
 12965 | D:10     | Killed Maud
 12965 | D:10     | Reached skill level 5 in Stealth
 12965 | D:10     | Reached skill level 11 in Unarmed Combat
 12971 | D:10     | Noticed Gastronok
 12976 | D:10     | Killed Harold
 12984 | D:10     | Noticed Psyche
 12984 | D:10     | Killed Gastronok
 12984 | D:10     | Killed from afar by Psyche

Vault maps used:
D:1:      dpeg_arrival_tiny_h, minmay_close_crescents
D:2:      cheibriados_altar_1, first_bread, corexii_corridor_pit
D:3:      minmay_fountain_box, uniq_terence
D:4:      lemuel_doored_altar
D:5:      uniq_edmund
D:6:      overflow_temple_1_default, kennysheep_little_box, uniq_duvessa
D:7:      minmay_temple_entry_metal_lava, kennysheep_generic_room_10
D:8:      minmay_tri_box, lemuel_round_altar, tgw_trog, okawaru_metal_pillars_3,
          david_nohive_1
D:9:      vehumet_altar_wand_db
D:10:     david_lair_shrubbed, basic_altar, uniq_psyche, uniq_urug,
          uniq_nergalle, uniq_gastronok, uniq_harold, uniq_maud
Temple:   triangle_lava_temple_11

Action                   |  1- 3 |  4- 6 |  7- 9 | 10-12 || total
-------------------------+-------+-------+-------+-------++-------
Melee: Unarmed           |    79 |   103 |   276 |   196 ||   654
 Cast: Beastly Appendage |    20 |    14 |     5 |     1 ||    40
       Sticks to Snakes  |       |     6 |     6 |     5 ||    17
       Spider Form       |       |     6 |    15 |     4 ||    25
       Ice Form          |       |       |     9 |    12 ||    21
       Blade Hands       |       |       |     2 |     6 ||     8
 Abil: End Transformatio |       |       |     5 |     4 ||     9
Evoke: Wand              |       |     2 |       |       ||     2
  Use: Scroll            |     1 |     5 |     5 |     5 ||    16
       Potion            |       |     3 |     3 |     4 ||    10
 Stab: Sleeping          |     2 |     3 |    12 |     2 ||    19
       Distracted        |       |       |     2 |       ||     2
  Eat: Chunk             |     2 |    11 |    19 |     9 ||    41
       Pizza             |       |       |     1 |     1 ||     2
       Fruit             |       |       |     1 |       ||     1
       Beef jerky        |       |       |     1 |       ||     1
       Royal jelly       |       |       |       |     1 ||     1
